Match 46969851
Unlisted

Match 46969851
End
Kradschützen Motorcycle Team
Panzerpioneer Squad
Selects Battlefield Espionage Battlegroup
Panzergrenadier Squad
Panzergrenadier Squad
Selects Intel Disruption Beacon
Construct Light Support Kompanie
2.5-tonne Medical Truck
Panzergrenadier Squad
Construct Mechanized Kompanie
Selects 250/3 Funkpanzerwagen
Panzerjäger Mechanized Group
Marder III Tank Destroyer
Panzergrenadier Squad
Selects Advanced Ambush Training
Selects Plunder
Construct Panzerarmee Kommand
Walking Stuka Rocket Launcher
Selects Disruption Operation
Veteran Squad Leaders
Disruption Operation
Marder III Tank Destroyer
Panzer III L Medium Tank
Tungsten Core Ammunition
Selects Operation Skorpion
Disruption Operation
Panzer III L Medium Tank
Panzer III L Medium Tank
Pupu Mr. Panda
DJ
『BlackBear』
Thib_Soldier
0
0

Comments sign in to comment!

No comments posted yet!